 Dungeon Crawl Stone Soup version 0.26.1 (webtiles) character file.

Game seed: 1240689626547564990

749 swilekon the Sneak (level 7, -3/41 HPs)
             Began as an Octopode Fire Elementalist on Feb 4, 2021.
             Slain by Ijyb
             ... wielding a +3 dagger of electrocution
              (18 damage)
             ... on level 4 of the Dungeon.
             The game lasted 00:11:29 (5957 turns).

swilekon the Sneak (Octopode Fire Elementalist)     Turns: 5957, Time: 00:11:29

Health: -3/41      AC:  1    Str:  7    XL:     7   Next: 78%
Magic:  11/14      EV: 15    Int: 19    God:
Gold:   295        SH:  0    Dex: 13    Spells: 6/15 levels left

rFire    . . .     SeeInvis .   d - +1 dagger
rCold    . . .     Faith    .   (no shield)
rNeg     . . .     Spirit   .   (helmet restricted)
rPois    +         Reflect  .   (no amulet)
rElec    .         Harm     .   l - ring of poison resistance
rCorr    .         Rampage  .   (no ring)
Will     .....                  (no ring)
Stlth    ++++......             (no ring)
HPRegen  0.13/turn              (no ring)
MPRegen  0.14/turn              (no ring)
                                (no ring)
                                (no ring)

@: no status effects
A: almost no armour, stealthy swim, amphibious, 8 rings, constrict 8, camouflage
1, gelatinous body 1
a: no special abilities


You were on level 4 of the Dungeon.
You visited 1 branch of the dungeon, and saw 4 of its levels.

You collected 295 gold pieces.

Inventory:

Hand Weapons
 d - a +1 dagger (weapon)
Jewellery
 l - a ring of poison resistance (left tentacle)
Scrolls
 a - a scroll of identify
 e - a scroll of fog
Potions
 c - a potion of ambrosia
 f - 4 potions of curing
 k - a potion of cancellation


   Skills:
 + Level 3.9 Dodging
 - Level 5.0 Stealth
 + Level 4.9 Spellcasting
 * Level 3.4 Conjurations
 * Level 4.5 Fire Magic


You had 6 spell levels left.
You knew the following spells:

 Your Spells              Type           Power        Failure   Level
a - Foxfire               Conj/Fire      76%          2%          1
b - Inner Flame           Hex/Fire       13%          14%         3
c - Fireball              Conj/Fire      9%           56%         5

Your spell library contained the following spells:

 Spells                   Type           Power        Failure   Level
 Conjure Flame            Conj/Fire      19%          8%          3
 Sticky Flame             Conj/Fire      19%          24%         4


Dungeon Overview and Level Annotations

Branches:
Dungeon (4/15)
 Temple: D:4-7

Altars:
Fedhas

Portals:
Abyss: D:3

Annotations:
D:3 2 transporters, exclusion: oklob plant, Gadfly's ghost, amateur FoFi
D:4 Ijyb


Innate Abilities, Weirdness & Mutations

You cannot wear most types of armour.
You are very stealthy in the water. (Stealth+)
You are amphibious.
You can wear up to eight rings at the same time.
You can use your tentacles to constrict eight enemies at once.
Your skin changes colour to match your surroundings (Stealth+).
Your rubbery body absorbs attacks. (AC +1, EV +1)


Message History

There is an open door here.
You now have 295 gold pieces (gained 14).
Ijyb the Twisted Goblin comes into view.
She is wielding a +3 dagger of electrocution and carrying a wand of random effects (22).
Ijyb screams, "You nasty!
Big nasty!"
You conjure some foxfire!
Ijyb closely misses you.
Nothing appears to happen.
The foxfire hits Ijyb.
Ijyb is lightly wounded.
The foxfire hits Ijyb!
Ijyb is moderately wounded.
Ijyb closely misses you.
You conjure some foxfire!
Ijyb hits you with a +3 dagger of electrocution.
You are electrocuted!
You are too injured to fight recklessly!
Your foxfire dissipates!
The foxfire hits Ijyb but does no damage.
Ijyb is moderately wounded.
Ijyb hits you with a +3 dagger of electrocution.
You are electrocuted!!
You die...

#####...............#
###.##.######>###
#.##.# #.#
#.##.######.#
#.##........#
#.########### #.#
###########.####
#......g@......#
#.###.##....##.########
#.# #.##..............#
#.# #.##.......######.#
### #.# #.##.....#.#
#.# #...#.#
#.##.#..##.# #.# #...#
#.##.#..##.# #.#
#...### #.......##.#
##.### ##.#
####.......# #.....


You could see Ijyb.

Vanquished Creatures
  Grinder (D:4)
  Menkaure (D:4)
  An ogre (D:4)
  A hound (D:2)
  Crazy Yiuf (D:3)
  A centaur skeleton (D:4)
  An iguana (D:4)
  3 worker ants (D:4)
  3 gnolls (D:3)
  8 adders
  An ooze (D:4)
  An adder skeleton (D:4)
  2 worms
  2 dart slugs (D:1)
  2 leopard geckos
  2 orcs
  6 bats
  9 giant cockroaches
  7 goblins
  7 hobgoblins
  2 jackals (D:4)
  3 kobolds
  2 quokkas
  5 frilled lizards
  A jackal skeleton (D:3)
  7 rats
80 creatures vanquished.

Vanquished Creatures (collateral kills)
  4 foxfires (D:3)
4 creatures vanquished.

Vanquished Creatures (others)
  392 foxfires
392 creatures vanquished.

Grand Total: 476 creatures vanquished

Notes
Turn   | Place    | Note
-------+----------+-------------------------------------------
     0 | D:1      | swilekon the Octopode Fire Elementalist began the quest for
                  | the Orb.
     0 | D:1      | Reached XP level 1. HP: 11/11 MP: 3/3
   286 | D:1      | Reached XP level 2. HP: 17/17 MP: 1/5
   397 | D:1      | Reached skill level 3 in Stealth
   406 | D:1      | You fall into a shaft and drop 1 floor!
   418 | D:2      | Reached XP level 3. HP: 5/21 MP: 0/6
   949 | D:1      | Reached XP level 4. HP: 27/27 MP: 3/8
  2614 | D:3      | Reached XP level 5. HP: 31/31 MP: 2/9
  2821 | D:3      | Found a runed translucent door.
  2822 | D:3      | Noticed Crazy Yiuf
  2874 | D:3      | Killed Crazy Yiuf
  2875 | D:3      | Reached skill level 4 in Stealth
  3145 | D:3      | Found a one-way gate to the infinite horrors of the Abyss.
  3145 | D:3      | Noticed Gadfly's ghost (amateur FoFi)
  3218 | D:3      | Found a transporter.
  3446 | D:3      | Found a blossoming altar of Fedhas.
  3466 | D:3      | Noticed an oklob plant
  3529 | D:3      | Identified the +10 whip of Rufum {distort, rPois MP+9}
  3538 | D:3      | Found a transporter.
  3789 | D:4      | Reached XP level 6. HP: 36/36 MP: 4/11
  4012 | D:4      | Noticed Menkaure
  4024 | D:4      | Killed Menkaure
  4359 | D:4      | Reached XP level 7. HP: 41/41 MP: 5/13
  5331 | D:4      | Noticed Grinder
  5339 | D:4      | Reached skill level 5 in Stealth
  5733 | D:4      | Killed Grinder
  5836 | D:4      | Learned a level 3 spell: Inner Flame
  5842 | D:4      | Learned a level 5 spell: Fireball
  5940 | D:4      | Noticed Ijyb
  5957 | D:4      | Slain by Ijyb

Illustrated notes

Levels and vault maps discovered:
D:1:      ncdulo_halloftheorcs, layout_basic, nrook_mini_backslash,
          minmay_cupped
D:2:      layout_loops_cross
D:3:      layout_basic, gammafunk_ghost_abyssal_escape, tgw_fedhas,
          uniq_crazy_yiuf_cottage
D:4:      layout_loops_corners, uniq_menkaure, uniq_ijyb, uniq_grinder

Skill      XL: |  1  2  3  4  5  6  7 |
---------------+----------------------+-----
Stealth        | 3 4 5 |  5.0
Spellcasting   | 3 4 |  4.9
Conjurations   | 2 3 |  3.4
Dodging        | 3 |  3.9
Fire Magic     | 4 |  4.5

Action                   |  1- 3 |  4- 6 |  7- 9 || total
-------------------------+-------+-------+-------++-------
Melee: Unarmed           |     2 |       |       ||     2
       Dagger            |       |    19 |     2 ||    21
       Constrict         |       |     5 |     1 ||     6
       Tentacles         |       |     2 |     1 ||     3
 Cast: Foxfire           |    40 |   152 |    70 ||   262
  Use: Scroll            |       |     4 |     8 ||    12
Armor: Skin              |     1 |     2 |       ||     3
Dodge: Dodged            |     6 |    18 |    13 ||    37
